 Dungeon Crawl Stone Soup version 0.22.0 (webtiles) character file.

7310 GordonOverkill the Cleaver (level 11, -3/81 HPs)
             Began as a Human Skald on Aug 11, 2018.
             Was a Believer of Trog.
             Slain by a centaur warrior (7 damage)
             ... on level 10 of the Dungeon.
             The game lasted 00:29:50 (14770 turns).

GordonOverkill the Cleaver (Human Skald)           Turns: 14770, Time: 00:29:51

Health: -3/81      AC: 16    Str: 15    XL:     11   Next: 34%
Magic:  23/23      EV:  7    Int: 13    God:    Trog [**....]
Gold:   531        SH:  0    Dex: 13    Spells: 13/14 levels left

rFire    . . .     SeeInvis .   n - +2 dagger (elec)
rCold    . . .     Gourm    +   (no shield)
rNeg     . . .     Faith    .   I - +0 chain mail
rPois    .         Spirit   .   m - +0 helmet
rElec    .         Reflect  .   K - +1 cloak
rCorr    .         Harm     .   b - +0 pair of gloves
MR       +....                  p - +0 pair of boots
Stlth    ..........             A - amulet of the gourmand
HPRegen  0.23/turn              h - ring of magical power
MPRegen  0.18/turn              f - ring of protection from magic

@: berserk cooldown, very slightly contaminated, slowed, invisible, very slow
A: no striking features
a: Berserk, Trog's Hand, Renounce Religion


You were on level 10 of the Dungeon.
You worshipped Trog.
Trog was pleased with you.
You were not hungry.

You visited 2 branches of the dungeon, and saw 11 of its levels.

You collected 657 gold pieces.
You spent 126 gold pieces at shops.

Inventory:

Hand Weapons
 k - a +2 dagger of venom
 n - a +2 dagger of electrocution (weapon)
 C - a +2 flail of protection
 D - a +0 war axe
Missiles
 i - 2 tomahawks of returning (quivered)
 j - 349 stones
Armour
 b - a +0 pair of gloves (worn)
 m - a +0 helmet (worn)
 p - a +0 pair of boots (worn)
 G - a +0 plate armour
 I - a +0 chain mail (worn)
 K - a +1 cloak (worn)
Jewellery
 f - a ring of protection from magic (right hand)
 h - a ring of magical power (left hand)
 u - the ring "Goext" {*Tele *Slow rC+ Slay+6 Stlth+}
   (You found it on level 4 of the Dungeon)

   [ring of teleportation]

   It may teleport you next to monsters.
   It affects your accuracy and damage with ranged weapons and melee attacks
   (+6).
   It protects you from cold.
   It may slow you when you take damage.
   It makes you more stealthy.
 A - an amulet of the gourmand (around neck)
Wands
 s - a wand of paralysis (10)
 t - a wand of iceblast (1)
 E - a wand of random effects (29)
Scrolls
 c - a scroll of enchant armour
 o - a scroll of fear
 q - 3 scrolls of remove curse
 w - 4 scrolls of blinking
 y - 7 scrolls of teleportation
 J - a scroll of enchant weapon
Potions
 a - 2 potions of brilliance
 e - a potion of invisibility
 g - 2 potions of resistance
 l - 2 potions of ambrosia
 r - 2 potions of flight
 v - a potion of mutation
 x - a potion of agility
 z - a potion of might {unknown}
 B - a potion of heal wounds {unknown}
 F - a potion of lignification {unknown}
Comestibles
 d - 9 rations


   Skills:
 + Level 5.7 Fighting
 + Level 14.2 Axes
 - Level 6.0 Armour
 - Level 2.0 Dodging
 - Level 2.0 Spellcasting
 - Level 3.0 Charms


You had 13 spell levels left.
You knew the following spells:

 Your Spells              Type           Power        Failure   Level  Hunger
a - Infusion              Chrm           #...         77%         1    ##.....

Your spell library contained the following spells:

 Spells                   Type           Power        Failure   Level  Hunger
 Magic Dart               Conj           #...         99%         1    ##.....
 Conjure Flame            Conj/Fire      #.......     100%        3    ####...
 Slow                     Hex            #.......     99%         2    ###....
 Mephitic Cloud           Conj/Pois/Air  #.......     100%        3    ####...
 Summon Small Mammal      Summ           #...         99%         1    ##.....
 Blink                    Tloc           N/A          99%         2    ###....
 Summon Ice Beast         Ice/Summ       #.......     100%        4    #####..
 Call Imp                 Summ           #.......     99%         2    ###....
 Regeneration             Chrm/Necr      #.........   100%        3    ####...
 Call Canine Familiar     Summ           #.......     100%        3    ####...
 Shroud of Golubria       Chrm/Tloc      #.........   98%         2    ###....
 Song of Slaying          Chrm           #.......     88%         2    ###....
 Spectral Weapon          Hex/Chrm       #.......     100%        3    ####...
 Summon Lightning Spire   Summ/Air       #.......     100%        4    #####..
 Summon Guardian Golem    Hex/Summ       #.......     100%        3    ####...


Dungeon Overview and Level Annotations

Branches:
Dungeon (10/15)            Temple (1/1) D:6            Lair (0/6) D:10
    Orc: D:9-12

Altars:
Ashenzari
Cheibriados
Dithmenos
Elyvilon
Fedhas
Gozag
Hepliaklqana
Kikubaaqudgha
Makhleb
Nemelex Xobeh
Okawaru
Qazlal
Ru
Sif Muna
Trog
Uskayaw
Vehumet
Wu Jian
Xom
Yredelemnul
Zin
The Shining One

Shops:
D:5 *


Message History

You catch the helpless centaur warrior completely off-guard!
You hit the centaur warrior.
The centaur warrior is heavily wounded.
The centaur warrior hits you but does no damage. x2
You hit the centaur warrior.
The centaur warrior is heavily wounded.
The centaur warrior hits you but does no damage. x3
You closely miss the centaur warrior.
The centaur warrior is heavily wounded.
The centaur warrior barely misses you.
The centaur warrior hits you but does no damage.
You hit the centaur warrior.
Lightning courses through the centaur warrior!
The centaur warrior is severely wounded.
The centaur warrior hits you!
* * * LOW HITPOINT WARNING * * *
The centaur warrior hits you!
* * * LOW HITPOINT WARNING * * *
The centaur warrior hits you!
You die...

# ##..
..##..#..#.#
#... # #..#..
..##..#.# #.##
##
##...##..#..##.#
#.# .# ...
##..##.# #.# ##
##.## #..#####
#.# :# ##..#}#
#####.# #..##.#
#...#.##
##..#.:#
#.#.....
#.@##..#
#......#
#..c[..#
##.#....
######## #.#...#
#.# #.##### #.#
#.# #.# #### #.#
#.# #..# #.# #.#
#..# #.# #.#
#..# #.#


You could see a centaur warrior.

Vanquished Creatures
  Harold (D:7)
  A centaur warrior (D:10)
  Maurice (D:10)
  2 komodo dragons (D:10)
  A troll (D:10)
  A wyvern (D:10)
  Eustachio (D:6)
  A wraith (D:10)
  A hungry ghost (D:10)
  A basilisk (D:10)
  Menkaure (D:5)
  Edmund (D:5)
  Duvessa (D:5)
  A swamp drake (D:10)
  3 ice beasts
  An orc warrior (D:6)
  3 sky beasts
  6 ogres
  A necrophage (D:7)
  2 crocodiles (D:10)
  4 centaurs
  A big kobold (D:9)
  Blork the orc (D:4)
  4 bullfrogs
  A wyvern zombie (D:9)
  Dowan (D:5)
  A scorpion (D:5)
  5 wights (D:9)
  3 crimson imps
  A centaur zombie (D:5)
  A bullfrog zombie (D:8)
  2 hounds
  An orc priest (D:5)
  A jelly (D:10)
  3 bullfrog skeletons
  3 centaur skeletons (D:4)
  7 orc wizards
  5 iguanas
  10 worker ants
  3 hound skeletons
  Robin (D:1)
  11 adders
  A howler monkey skeleton (D:8)
  2 shadow imps
  An ooze (D:3)
  An adder zombie (D:7)
  An adder skeleton (D:6)
  3 dart slugs
  8 leopard geckos
  17 orcs
  6 giant cockroaches
  12 goblins
  12 hobgoblins
  8 jackals
  18 kobolds
  7 quokkas
  2 bats (D:3)
  3 frilled lizards
  2 jackal skeletons
  A jackal zombie (D:7)
  2 leopard gecko skeletons (D:5)
  2 quokka skeletons
  A quokka zombie (D:5)
  11 rats
222 creatures vanquished.

Notes
Turn   | Place    | Note
-------+----------+-------------------------------------------
     0 | D:1      | GordonOverkill the Human Skald began the quest for the Orb.
     0 | D:1      | Reached XP level 1. HP: 16/16 MP: 3/3
   164 | D:1      | Reached XP level 2. HP: 19/22 MP: 1/5
   505 | D:1      | Reached skill level 3 in Axes
   689 | D:1      | Reached XP level 3. HP: 27/27 MP: 6/6
  1539 | D:2      | Reached skill level 4 in Axes
  1539 | D:2      | Reached XP level 4. HP: 29/33 MP: 2/7
  1737 | D:2      | Found a shadowy altar of Dithmenos.
  1931 | D:2      | Noticed Robin
  2071 | D:1      | Killed Robin
  2297 | D:2      | Reached XP level 5. HP: 38/39 MP: 8/8
  3929 | D:4      | Reached skill level 5 in Axes
  3974 | D:3      | Reached XP level 6. HP: 43/47 MP: 9/9
  4452 | D:4      | Got a smoking bronze ring
  4525 | D:4      | Reached skill level 6 in Axes
  4558 | D:4      | Reached XP level 7. HP: 32/53 MP: 10/10
  4963 | D:4      | Found a burning altar of Makhleb.
  4964 | D:4      | Found a radiant altar of Vehumet.
  5100 | D:4      | Noticed Blork the orc
  5103 | D:4      | Killed Blork the orc
  5355 | D:5      | Entered Level 5 of the Dungeon
  5363 | D:5      | Reached skill level 7 in Axes
  5516 | D:5      | Identified the ring "Goext" {*Tele *Slow rC+ Slay+6 Stlth+} (You found it on level 4 of the Dungeon)
  5529 | D:5      | Reached XP level 8. HP: 35/61 MP: 11/11
  5724 | D:5      | Noticed Duvessa
  5724 | D:5      | Noticed Dowan
  5776 | D:5      | Killed Duvessa
  5776 | D:5      | Reached skill level 5 in Fighting
  5876 | D:5      | Killed Dowan
  5876 | D:5      | Reached skill level 8 in Axes
  6078 | D:5      | Noticed Menkaure
  6084 | D:5      | Killed Menkaure
  6098 | D:5      | Noticed Edmund
  6101 | D:5      | Killed Edmund
  6128 | D:5      | Found Didyesamm's General Store.
  6135 | D:5      | Bought a scroll of enchant weapon for 90 gold pieces
  6135 | D:5      | Bought a scroll of teleportation for 36 gold pieces
  6250 | D:5      | Reached skill level 9 in Axes
  6557 | D:5      | Reached XP level 9. HP: 64/68 MP: 12/12
  7148 | D:6      | Reached skill level 10 in Axes
  7570 | D:6      | Found a staircase to the Ecumenical Temple.
  7624 | D:6      | Noticed Eustachio
  7635 | D:6      | Killed Eustachio
  7664 | Temple   | Entered the Ecumenical Temple
  7711 | Temple   | Became a worshipper of Trog the Wrathful
  8884 | D:7      | Found a shattered altar of Ashenzari.
  8886 | D:7      | Found a basalt altar of Yredelemnul.
  8889 | D:7      | Found an ornate altar of the Wu Jian Council.
  8890 | D:7      | Found a sparkling altar of Nemelex Xobeh.
  8890 | D:7      | Found a deep blue altar of Sif Muna.
  8890 | D:7      | Found an ancient bone altar of Kikubaaqudgha.
  8891 | D:7      | Found a glowing golden altar of the Shining One.
  8895 | D:7      | Found a blossoming altar of Fedhas.
  9218 | D:7      | Noticed Harold
  9241 | D:7      | Killed Harold
  9241 | D:7      | Reached skill level 11 in Axes
  9241 | D:7      | Reached skill level 5 in Armour
  9241 | D:7      | Reached XP level 10. HP: 38/74 MP: 13/13
  9617 | D:8      | Found a glowing silver altar of Zin.
  9759 | D:8      | Found a hazy altar of Hepliaklqana.
  9843 | D:8      | Reached * piety under Trog
 10116 | D:8      | Noticed Maurice
 11110 | D:9      | Reached skill level 12 in Axes
 12460 | D:10     | Entered Level 10 of the Dungeon
 13100 | D:10     | Reached skill level 13 in Axes
 13132 | D:10     | Noticed a centaur warrior
 13154 | D:10     | Killed a centaur warrior
 13154 | D:10     | Reached XP level 11. HP: 49/79 MP: 14/14
 13382 | D:10     | Reached ** piety under Trog
 13946 | D:10     | Killed Maurice
 13946 | D:10     | Reached skill level 14 in Axes
 14616 | D:10     | Found a staircase to the Lair.
 14739 | D:10     | Noticed a centaur warrior
 14769 | D:10     | HP: 4/81 [centaur warrior (9)]
 14770 | D:10     | Slain by a centaur warrior

Skill      XL: |  1  2  3  4  5  6  7  8  9 10 11 |
---------------+----------------------------------+-----
Axes           | 3 4 5 6 7 9 11 13 14 | 14.2
Fighting       | 3 4 5 |  5.7
Armour         | 5 6 |  6.0
Dodging        | |  2.0
Spellcasting   | |  2.0
Charms         | |  3.0

Action                   |  1- 3 |  4- 6 |  7- 9 | 10-12 || total
-------------------------+-------+-------+-------+-------++-------
Melee: Hand axe          |    31 |       |       |       ||    31
       Dagger            |    66 |   190 |   336 |   442 ||  1034
Throw: Tomahawk          |    10 |     2 |       |       ||    12
 Cast: Infusion          |     7 |     5 |     9 |       ||    21
Invok: Berserk           |       |       |       |    18 ||    18
Evoke: Wand              |       |       |    20 |       ||    20
  Use: Scroll            |     3 |     5 |     6 |     9 ||    23
       Potion            |       |       |     1 |     4 ||     5
 Stab: Sleeping          |     1 |       |       |       ||     1
       Invisible         |       |       |       |     1 ||     1
  Eat: Chunk             |     2 |    10 |     9 |    33 ||    54
       Ration            |       |       |     2 |     4 ||     6
Armor: Leather armour    |    16 |       |       |       ||    16
       Scale mail        |     6 |   102 |   151 |       ||   259
       Chain mail        |       |       |    14 |   272 ||   286
Dodge: Dodged            |    45 |    85 |   139 |   137 ||   406
